 Dungeon Crawl Stone Soup version 0.13-a0-2926-g9203b68 (webtiles) character file.

733 PolkaDot the Ruinous (level 6, -3/39 HPs)
             Began as a Vampire Wizard on Sept 3, 2013.
             Slain by an orc priest
             ... wielding a -1,+1 orcish hand axe
              (6 damage)
             ... on Level 5 of the Dungeon.
             The game lasted 00:21:13 (4182 turns).

PolkaDot the Ruinous (Vampire Wizard)               Turns: 4182, Time: 00:21:13

HP  -3/39        AC  2     Str 11      XL: 6   Next: 95%
MP   3/15        EV 12     Int 27      God:
Gold 231         SH  0     Dex 12      Spells:  3 memorised,  4 levels left

Res.Fire  : . . .   See Invis. : +   j - +2,+1 scythe (venom)
Res.Cold  : . . .   Warding    : .   a - +0 robe
Life Prot.: . . .   Conserve   : .   (no shield)
Res.Poison: .       Res.Corr.  : .   b - +0 wizard hat
Res.Elec. : .       Clarity    : .   (no cloak)
Sust.Abil.: . .     Spirit.Shd : .   (no gloves)
Res.Mut.  : .       Stasis     : +   (no boots)
Res.Rott. : .       Flight     : .   u - amulet of stasis {unknown}
Saprovore : . . .                    (no ring)
                                     (no ring)

@: regenerating quickly, mighty, brilliant, slightly resistant to hostile
enchantments, stealthy
A: bottle blood, fangs 3, see invisible, unbreathing
a: Bottle Blood


You were on level 5 of the Dungeon.
You were full.

You visited 1 branch of the dungeon, and saw 5 of its levels.

You collected 211 gold pieces.

Inventory:

Hand weapons
 i - a +1,+2 mace of protection
 j - a +2,+1 scythe of venom (weapon)
Armour
 a - a +0 robe (worn)
 b - a +0 wizard hat (worn)
 p - a +0 elven buckler
Magical devices
 t - a wand of fire (14)
Scrolls
 e - a scroll of enchant weapon II {unknown}
 f - 2 scrolls of teleportation
 g - a scroll of fear
 h - 2 scrolls of remove curse {unknown}
Jewellery
 q - an uncursed amulet of clarity {unknown}
 u - an amulet of stasis (around neck) {unknown}
Potions
 d - a potion of speed
 k - 2 potions of might
 l - 2 potions of resistance
 r - a potion of restore abilities
 v - 7 potions of blood
Books
 c - a book of Minor Magic

   Spells                             Type                      Level
   *Magic Dart                        Conjuration                  1
   Blink                              Translocation                2
   Call Imp                           Summoning                    2
   Repel Missiles                     Charms/Air                   2
   Slow                               Hexes                        2
   *Conjure Flame                     Conjuration/Fire             3
   *Mephitic Cloud                    Conjuration/Poison/Air       3


   Skills:
 - Level 2.1 Dodging
 - Level 3.0 Stealth
 - Level 3.0 Spellcasting
 * Level 5.5 Conjurations
   Level 1.0 Summonings
   Level 0.7 Translocations


You had 4 spell levels left.
You knew the following spells:

 Your Spells              Type           Power        Failure   Level  Hunger
a - Magic Dart            Conj           ####         1%          1    None
d - Mephitic Cloud        Conj/Pois/Air  ####....     1%          3    ###....
s - Conjure Flame         Conj/Fire      #####...     1%          3    ###....


Dungeon Overview and Level Annotations

Branches:
Dungeon (5/27)
 Temple: D:4-7

Altars:
Nemelex Xobeh


Innate Abilities, Weirdness & Mutations

Your natural rate of healing is unusually fast.
You can bottle blood from corpses.
You have razor-sharp teeth.*
You have supernaturally acute eyesight.
You can survive without breathing.*


Message History

The orc priest is moderately wounded.
The orc priest mumbles some strange prayers to Beogh.
You feel a wave of unholy energy pass over you.
The orc priest closely misses you.
You barely miss the orc priest. Your bite misses the orc priest.
The orc priest is moderately wounded.
The orc priest hits you with an orcish hand axe!
* * * LOW HITPOINT WARNING * * *
You barely miss the orc priest.
The orc priest is moderately wounded.
The orc priest looks more healthy.
The orc priest's eyes start to glow.
The orc priest becomes somewhat translucent.
Drink which item? (? for menu, Esc to quit)
Okay, then.
You closely miss the orc priest.
The orc priest is heavily wounded.
The orc priest closely misses you.
The orc priest hits you with an orcish hand axe.
You die...

#####
#...##########)%..
#........@o..[!...
#...#.<).#####....
#)###(...#
#)##.........
#.#...........
#)#........#...
#.#...........
#.##........#
.........$..


You could see an orc priest.

Vanquished Creatures
  Sigmund (D:4)
  3 orc priests
  An iguana (D:4)
  5 orc wizards
  Terence (D:2)
  7 adders
  An inept item mimic (D:4)
  2 worms
  2 giant eyeballs
  A giant gecko (D:2)
  2 oozes (D:1)
  14 orcs
  12 bats
  A bat skeleton (D:4)
  13 goblins
  10 hobgoblins
  2 jackals (D:2)
  2 quokkas (D:2)
  A ball python (D:1)
  2 giant cockroaches
  8 giant newts
  A gnoll skeleton (D:4)
  13 kobolds
  7 rats
112 creatures vanquished.

Notes
Turn   | Place    | Note
--------------------------------------------------------------
     0 | D:1      | PolkaDot, the Vampire Wizard, began the quest for the Orb.
     0 | D:1      | Reached XP level 1. HP: 11/11 MP: 6/6
   106 | D:1      | Reached skill level 1 in Conjurations
   379 | D:1      | Reached XP level 2. HP: 17/17 MP: 5/8
  1031 | D:1      | Reached XP level 3. HP: 22/22 MP: 8/10
  1997 | D:2      | Reached XP level 4. HP: 28/28 MP: 7/12
  2018 | D:2      | Noticed Terence
  2036 | D:2      | Killed Terence
  2096 | D:2      | Learned a level 3 spell: Conjure Flame
  2100 | D:2      | Learned a level 3 spell: Mephitic Cloud
  2779 | D:3      | Reached XP level 5. HP: 17/33 MP: 1/13
  2785 | D:3      | Reached skill level 4 in Conjurations
  3106 | D:3      | Reached XP level 6. HP: 36/39 MP: 3/15
  3498 | D:4      | Paralysed by a giant eyeball for 3 turns
  3504 | D:4      | Noticed Sigmund
  3528 | D:4      | Killed Sigmund
  3528 | D:4      | Reached skill level 5 in Conjurations
  3606 | D:4      | Found a sparkling altar of Nemelex Xobeh.
  4101 | D:5      | Entered Level 5 of the Dungeon
  4182 | D:5      | Slain by an orc priest

Action                   |  1- 3 |  4- 6 || total
-------------------------+-------+-------++-------
Melee: Unarmed           |    16 |       ||    16
       Mace              |       |    22 ||    22
       Scythe            |       |    40 ||    40
 Cast: Magic Dart        |   136 |   116 ||   252
       Mephitic Cloud    |       |     1 ||     1
       Conjure Flame     |       |     8 ||     8
 Abil: Bottle Blood      |       |    10 ||    10
  Use: Potion            |     1 |    14 ||    15
       Scroll            |       |    19 ||    19
 Stab: Distracted        |       |     1 ||     1
